 Dungeon Crawl Stone Soup version 0.25-a0-356-g7c9d860b3b (webtiles) character file.

Game seed: 10118996789703205089, levelgen mode: deterministic

32265 DerDa the Thaumaturge (level 13, -3/82 HPs)
             Began as an Octopode Fire Elementalist on Jan 3, 2020.
             Was an Elder of Sif Muna.
             Slain by Donald
             ... wielding a +3 long sword of protection
              (33 damage)
             ... on level 2 of the Orcish Mines on Jan 4, 2020.
             The game lasted 01:26:13 (22363 turns).

DerDa the Thaumaturge (Octopode Fire Elementalist) Turns: 22363, Time: 01:26:13

Health: -3/82      AC:  1    Str:  9    XL:     13   Next: 63%
Magic:  13/28      EV: 16    Int: 21    God:    Sif Muna [****..]
Gold:   1128       SH:  5    Dex: 14    Spells: 5/34 levels left

rFire    + . .     SeeInvis .   z - +8 mace of the Shore {crush, rN++}
rCold    . . .     Gourm    +   P - +0 buckler
rNeg     + + +     Faith    .   (helmet restricted)
rPois    +         Spirit   .   L - amulet of the gourmand
rElec    .         Reflect  .   k - ring of poison resistance
rCorr    .         Harm     .   y - +2 ring of dexterity
MR       .....                  A - ring of wizardry
Stlth    +++.......             F - ring of protection from fire
HPRegen  0.23/turn              I - ring of positive energy
MPRegen  0.21/turn              M - ring of flight
                                N - ring of wizardry
                                (no ring)

@: no status effects
A: almost no armour, stealthy swim, amphibious, 8 rings, constrict 8, camouflage
1, gelatinous body 1
a: Channel Magic, Forget Spell, Divine Exegesis, Renounce Religion, Evoke Flight


You were on level 2 of the Orcish Mines.
You worshipped Sif Muna.
Sif Muna was greatly pleased with you.
You were completely stuffed.

You visited 5 branches of the dungeon, and saw 19 of its levels.
You also visited: Sewer and Ossuary.

You collected 1128 gold pieces.

Inventory:

Hand Weapons
 z - the +8 mace of the Shore (weapon) {crush, rN++}
   (You found it on level 5 of the Dungeon)

   It inflicts extra damage upon your enemies.
   It greatly protects you from negative energy.
 K - a +3 scimitar of flaming
Missiles
 e - 51 poisoned darts (quivered)
Armour
 P - a +0 buckler (worn)
Jewellery
 k - a ring of poison resistance (left tentacle)
 y - a +2 ring of dexterity (right tentacle)
 A - a ring of wizardry (on tentacle)
 F - a ring of protection from fire (on tentacle)
 I - a ring of positive energy (on tentacle)
 L - an amulet of the gourmand (around mantle)
 M - a ring of flight (on tentacle)
 N - a ring of wizardry (on tentacle)
Wands
 c - a wand of digging (5)
 i - a wand of disintegration (8)
 s - a wand of flame (30)
 x - a wand of random effects (16)
 B - a wand of paralysis (8)
 C - a wand of enslavement (6)
 J - a wand of polymorph (9)
 V - a wand of acid (15)
Scrolls
 h - 4 scrolls of fog
 j - 5 scrolls of amnesia
 l - a scroll of enchant weapon
 p - 2 scrolls of blinking
 q - 6 scrolls of fear
 t - 7 scrolls of teleportation
 u - 5 scrolls of remove curse
 w - 2 scrolls of enchant armour
 E - a scroll of summoning
 O - a scroll of torment
 Q - 4 scrolls of magic mapping {unknown}
 U - a scroll of silence {unknown}
Potions
 a - a potion of invisibility
 d - 2 potions of brilliance {unknown}
 f - 2 potions of berserk rage {unknown}
 g - 6 potions of heal wounds {unknown}
 m - 4 potions of mutation {unknown}
 n - 9 potions of flight
 o - 4 potions of haste
 r - 5 potions of curing {unknown}
 v - 2 potions of lignification {unknown}
 D - 2 potions of agility {unknown}
 H - 2 potions of might {unknown}
 S - 2 potions of degeneration {unknown}
 T - 2 potions of cancellation {unknown}
Miscellaneous
 R - a lamp of fire
Comestibles
 b - 22 rations
 G - 2 chunks of flesh


   Skills:
 - Level 5.6 Fighting
 - Level 6.1 Dodging
 - Level 2.6 Stealth
 * Level 3.4 Shields
 * Level 11.2 Spellcasting
 * Level 10.6 Conjurations
 * Level 11.1 Fire Magic
 + Level 3.3 Ice Magic
 + Level 3.1 Air Magic
 - Level 3.2 Poison Magic
 + Level 5.3 Invocations
 + Level 4.9 Evocations


You had 5 spell levels left.
You knew the following spells:

 Your Spells              Type           Power        Failure   Level  Hunger
a - Foxfire               Conj/Fire      ####         1%          1    None
b - Conjure Flame         Conj/Fire      ######..     1%          3    None
c - Sticky Flame          Conj/Fire      ######..     1%          4    #......
d - Fireball              Conj/Fire      ######....   1%          5    ####...
e - Mephitic Cloud        Conj/Pois/Air  #####...     1%          3    None
f - Poisonous Vapours     Pois/Air       ####..       1%          2    None
g - Freezing Cloud        Conj/Ice/Air   #####.....   22%         6    ######.
h - Bolt of Magma         Conj/Fire/Erth #####.....   2%          5    ####...

Your spell library contained the following spells:

 Spells                   Type           Power        Failure   Level  Hunger
 Corona                   Hex            ##.....      1%          1    None
 Ensorcelled Hibernation  Hex/Ice        ###...       1%          2    None
 Dazzling Flash           Conj/Hex       ####..       1%          3    None
 Inner Flame              Hex/Fire       #####...     1%          3    None
 Confuse                  Hex            ##......     5%          3    None
 Tukima's Dance           Hex            ##......     5%          3    None
 Iskenderun's Battlesphe  Conj/Chrm      ####....     5%          5    ####...
 Orb of Destruction       Conj           ######....   17%         7    #######
 Iron Shot                Conj/Erth      ####......   26%         6    ######.
 Ring of Flames           Chrm/Fire      #####.....   75%         7    #######
 Spellforged Servitor     Conj/Summ      ####......   78%         7    #######


Dungeon Overview and Level Annotations

Branches:
Dungeon (10/15)            Temple (1/1) D:6            Lair (5/6) D:8
  Swamp (1/4) Lair:3        Snake (0/4) Lair:3          Orc (2/2) D:9
    Elf (0/3) Orc:2         Sewer (visited)         Ossuary (visited)
  Slime: Lair:5-6

Altars:
Ashenzari
Dithmenos
Elyvilon
Fedhas
Gozag
Hepliaklqana
Kikubaaqudgha
Makhleb
Nemelex Xobeh
Okawaru
Qazlal
Ru
Sif Muna
Trog
Uskayaw
Vehumet
Wu Jian
Xom
Yredelemnul
Zin
The Shining One
Beogh

Shops:
Orc:1 :

Annotations:
D:6 3 runed translucent doors, Valentain's ghost, novice OpCj; anet's ghost, novice DEWz
Lair:5 exclusions: 2 death yaks and slime creature
Orc:2 Donald


Innate Abilities, Weirdness & Mutations

You cannot wear most types of armour.
You are very stealthy in the water. (Stealth+)
You are amphibious.
You can wear up to eight rings at the same time.
You can use your tentacles to constrict eight enemies at once.
Your skin changes colour to match your surroundings (Stealth+).
Your rubbery body absorbs attacks. (AC +1, EV +1)


Message History

The sticky flame hits Donald but does no damage.
Donald is moderately wounded.
Donald is covered in liquid flames!
Donald burns!
Donald mumbles some strange words.
Donald seems to speed up.
Casting: Sticky Flame (safe; 1% risk of failure)
Confirm with . or Enter, or press ? or * to list all spells.
Aiming: Mephitic Cloud (safe; 1% risk of failure)
Press: ? - help, Shift-Dir - straight line, f/p - Donald
Aim: Donald, wielding a +3 long sword of protection, wearing a +0 chain mail and wearing a +0 shield of reflection (moderately wounded, fast, unusually strong, covered in liquid flames)
The ball explodes into a vile cloud!
The stinking cloud engulfs Donald but does no damage.
Donald is moderately wounded.
The stinking cloud engulfs you but does no damage.
Donald burns!
Donald is engulfed in noxious fumes.
Donald says, "Don't you wish for a portable bookcase?"
Donald hits you with a +3 long sword of protection!!
Donald is engulfed in noxious fumes.
Donald hits you with a +3 long sword of protection!!
You die...

##....#. ..'..#...#
##.$...#. .'..#...#
...$..#.. #..#...#
##....#..####..#...#
.##.....#.....)..#..##
.....>..####'[####...#
#.....)..............#
#........#)☼.[..[$..##
###...[[@@☼[[.#.....#
#...[[☼§○..###.#.##
###.......## #####
#..))...## #......##
##[$.[..#..
#...........#
#..[.#.....$.
.........####.....


You could see Donald (burning).

Vanquished Creatures
  An orc warlord (Orc:2)
  Snorg (Lair:5)
  5 hydras
  Erica (D:8)
  A death yak (Lair:5)
  2 two-headed ogres
  An orc high priest (D:9)
  Sonja (Lair:3)
  Urug (Lair:2)
  An unseen horror (D:10)
  5 orc sorcerers
  A centaur zombie (D:10)
  2 black mambas
  3 rime drakes
  4 spiny frogs
  6 komodo dragons
  A troll (Orc:1)
  A polar bear (Lair:5)
  Grinder (D:3)
  10 blink frogs
  A hornet (D:9)
  4 hippogriffs
  A wyvern (Lair:1)
  16 yaks
  2 basilisks
  A hungry ghost (D:9)
  4 wargs
  Menkaure (Ossuary)
  A swamp worm (Lair:3)
  A naga (Lair:3)
  7 water moccasins
  8 porcupines
  A phantom (D:10)
  16 orc warriors
  A black bear (D:10)
  9 ogres
  4 centaurs
  7 crocodiles
  8 big kobolds
  13 bullfrogs
  A wyvern skeleton (D:10)
  A scorpion (D:8)
  3 howler monkeys
  An electric eel (Lair:1)
  4 crimson imps
  A bullfrog zombie (D:5)
  2 hounds (D:4)
  4 jellies
  3 centaur skeletons
  15 orc priests
  23 orc wizards
  2 bullfrog skeletons (D:6)
  2 iguanas (D:10)
  Natasha (thrice) (D:3)
  2 worker ants
  3 mummies (Ossuary)
  Robin (D:3)
  2 gnolls (D:2)
  A river rat (Sewer)
  13 adders
  2 shadow imps
  5 oozes
  An adder skeleton (D:9)
  An adder zombie (D:9)
  10 worms
  4 dart slugs
  4 leopard geckos
  56 orcs
  12 bats
  8 giant cockroaches
  15 hobgoblins
  6 jackals
  16 kobolds
  5 quokkas
  4 ball pythons
  A frilled lizard (D:4)
  2 gnoll skeletons (Ossuary)
  2 gnoll zombies (Ossuary)
  13 goblins
  7 goblin skeletons
  7 goblin zombies
  3 hobgoblin skeletons (Ossuary)
  4 hobgoblin zombies (Ossuary)
  5 kobold skeletons
  8 kobold zombies
  3 orc skeletons
  7 orc zombies
  A quokka skeleton (D:8)
  12 rats
  6 rat skeletons (Ossuary)
  2 rat zombies (Ossuary)
  3 fungi (Lair:5)
  A plant (D:8)
478 creatures vanquished.

Vanquished Creatures (others)
  An orc (Orc:2)
  2 kobold skeletons (Ossuary)
  An orc zombie (Ossuary)
  1123 foxfires
  A fungus (Lair:3)
  3 plants
1131 creatures vanquished.

Grand Total: 1609 creatures vanquished

Notes
Turn   | Place    | Note
-------+----------+-------------------------------------------
     0 | D:1      | DerDa the Octopode Fire Elementalist began the quest for
                  | the Orb.
     0 | D:1      | Reached XP level 1. HP: 11/11 MP: 3/3
   166 | D:1      | Reached XP level 2. HP: 17/17 MP: 1/5
   679 | D:1      | Reached XP level 3. HP: 21/21 MP: 0/7
   974 | D:2      | Noticed a moth of wrath
   976 | D:2      | Found a bloodstained altar of Trog.
  1336 | D:2      | Reached XP level 4. HP: 27/27 MP: 2/8
  1346 | D:2      | Found a radiant altar of Vehumet.
  1858 | D:2      | Reached XP level 5. HP: 9/31 MP: 7/10
  1972 | D:2      | Found a shadowy altar of Dithmenos.
  2219 | D:3      | Noticed Natasha
  2307 | D:3      | Killed Natasha
  2342 | D:3      | Found a glowing drain.
  2383 | Sewer    | Entered a sewer
  2523 | Sewer    | Noticed a big kobold
  2553 | Sewer    | Killed a big kobold
  2553 | Sewer    | Reached XP level 6. HP: 34/36 MP: 5/12
  2763 | Sewer    | Reached XP level 7. HP: 41/41 MP: 8/14
  2837 | Sewer    | Reached skill level 5 in Spellcasting
  3037 | Sewer    | Reached skill level 5 in Fire Magic
  3138 | D:3      | Noticed Grinder
  3144 | D:3      | Learned a level 3 spell: Conjure Flame
  3149 | D:3      | Learned a level 4 spell: Sticky Flame
  3155 | D:3      | Learned a level 5 spell: Fireball
  3163 | D:3      | Killed Grinder
  3163 | D:3      | Reached XP level 8. HP: 24/46 MP: 8/17
  3185 | D:3      | Noticed Natasha
  3189 | D:3      | Killed Natasha
  3293 | D:3      | Noticed Natasha
  3300 | D:3      | Killed Natasha
  3453 | D:3      | Found a stormy altar of Qazlal.
  3592 | D:3      | Noticed Robin
  3598 | D:3      | Killed Robin
  3788 | D:4      | Found a sacrificial altar of Ru.
  3898 | D:4      | Reached skill level 5 in Conjurations
  3968 | D:4      | Found a hazy altar of Hepliaklqana.
  4063 | D:5      | Entered Level 5 of the Dungeon
  4079 | D:5      | Got a faintly glowing mace
  4347 | D:4      | Identified the +8 mace of the Shore {crush, rN++} (You
                  | found it on level 5 of the Dungeon)
  4614 | D:5      | Reached XP level 9. HP: 32/51 MP: 12/20
  5178 | D:6      | Found a staircase to the Ecumenical Temple.
  5187 | Temple   | Entered the Ecumenical Temple
  5235 | Temple   | Became a worshipper of Sif Muna the Loreminder
  5452 | D:6      | Found a glowing golden altar of the Shining One.
  5838 | D:6      | Found a glowing silver altar of Zin.
  5879 | D:6      | Found a runed translucent gate.
  5879 | D:6      | Found a runed translucent gate.
  5879 | D:6      | Found a runed translucent gate.
  6316 | D:6      | Noticed Valentain's ghost (novice OpCj)
  6316 | D:6      | Noticed anet's ghost (novice DEWz)
  6649 | D:7      | Found a sand-covered staircase.
  6656 | Ossuary  | Entered an ossuary
  6742 | Ossuary  | Reached * piety under Sif Muna
  6950 | Ossuary  | Noticed Menkaure
  6980 | Ossuary  | Killed Menkaure
  6980 | Ossuary  | Reached ** piety under Sif Muna
  7009 | Ossuary  | Reached skill level 1 in Fighting
  7090 | D:7      | Got an iridescent short sword
  7091 | D:7      | Identified the cursed +1 short sword "Coev" {venom, *Slow
                  | rPois rC- Dex+7} (You found it on level 7 of the Dungeon)
  7720 | D:8      | Noticed Erica
  7873 | D:8      | Noticed a two-headed ogre
  7897 | D:8      | Killed a two-headed ogre
  7915 | D:8      | Killed Erica
  7915 | D:8      | Reached XP level 10. HP: 61/61 MP: 2/22
  7949 | D:8      | Found a staircase to the Lair.
  8824 | D:9      | Noticed a two-headed ogre
  8842 | D:9      | Killed a two-headed ogre
  9292 | D:9      | Found a staircase to the Orcish Mines.
  9309 | D:9      | Found a roughly hewn altar of Beogh.
  9401 | D:10     | Entered Level 10 of the Dungeon
  9753 | D:10     | Reached *** piety under Sif Muna
  9805 | D:10     | Reached XP level 11. HP: 54/68 MP: 17/24
  9908 | D:10     | Killed an unseen horror
 10142 | Lair:1   | Entered Level 1 of the Lair of Beasts
 10376 | Lair:1   | Reached skill level 1 in Invocations
 10376 | Lair:1   | Reached skill level 1 in Evocations
 10953 | Lair:1   | Reached skill level 10 in Spellcasting
 10998 | Lair:1   | Reached skill level 5 in Dodging
 11720 | Lair:2   | Learned a level 3 spell: Mephitic Cloud
 11723 | Lair:2   | Learned a level 2 spell: Poisonous Vapours
 11730 | Lair:2   | Learned a level 6 spell: Freezing Cloud
 11824 | Lair:2   | Reached skill level 1 in Poison Magic
 12040 | Lair:2   | Got a slimy short sword
 12041 | Lair:2   | Identified the +5 short sword "Xeikuywk" {protect, rC+
                  | Stlth+} (You found it on level 2 of the Lair of Beasts)
 12059 | Lair:2   | Noticed Urug
 12214 | Lair:2   | Noticed a four-headed hydra
 12236 | Lair:2   | Killed a four-headed hydra
 12236 | Lair:2   | Reached XP level 12. HP: 38/76 MP: 10/26
 12643 | Lair:2   | Reached skill level 5 in Fighting
 13132 | Lair:2   | Killed Urug
 13232 | Lair:3   | Found a staircase to the Snake Pit.
 13255 | Lair:3   | Reached skill level 10 in Fire Magic
 13488 | Lair:3   | Noticed Sonja
 13498 | Lair:3   | Killed Sonja
 13514 | Lair:3   | Noticed a four-headed hydra
 13517 | Lair:3   | Killed a four-headed hydra
 13533 | Lair:3   | Noticed a four-headed hydra
 13544 | Lair:3   | Killed a four-headed hydra
 13544 | Lair:3   | Reached skill level 1 in Ice Magic
 13544 | Lair:3   | Reached skill level 1 in Air Magic
 13735 | Lair:3   | Found a staircase to the Swamp.
 13871 | Lair:3   | Noticed a seven-headed hydra
 13875 | Lair:3   | Killed a seven-headed hydra
 14366 | Swamp:1  | Entered Level 1 of the Swamp
 15866 | Lair:5   | Noticed a death yak
 15866 | Lair:5   | Noticed a death yak
 16058 | Lair:5   | Reached skill level 10 in Conjurations
 16447 | Lair:5   | Noticed Snorg
 16459 | Lair:5   | Killed Snorg
 16679 | Lair:5   | Reached skill level 1 in Shields
 16679 | Lair:5   | Reached XP level 13. HP: 82/82 MP: 20/27
 16883 | Lair:5   | Reached **** piety under Sif Muna
 17918 | Orc:1    | Entered Level 1 of the Orcish Mines
 19009 | Orc:1    | Found Bauppihe's Book Shop.
 19082 | Orc:2    | Entered Level 2 of the Orcish Mines
 19082 | Orc:2    | Found a staircase to the Elven Halls.
 19392 | Orc:2    | Reached skill level 5 in Invocations
 20307 | Orc:2    | Reached ***** piety under Sif Muna
 20315 | Orc:1    | Paralysed by an orc sorcerer for 2 turns
 20729 | Orc:1    | Received a gift from Sif Muna
 20747 | Orc:1    | Learned a level 5 spell: Bolt of Magma
 22094 | Orc:2    | Noticed an orc warlord
 22295 | Orc:2    | Killed an orc warlord
 22350 | Orc:2    | Noticed Donald
 22363 | Orc:2    | Slain by Donald

Levels and vault maps discovered:
D:1:      lightli_arrival_farm, layout_basic, grunt_decor_arrowhead
D:2:      wad_woods_tower, layout_basic, nicolae_overflow_hidden_temple,
          grunt_dithmenos_smoke_and_mirrors, tgw_trog, lemuel_crystal_altar
D:3:      layout_rooms, grunt_qazlal_clouds, gup_sewer_entry_glass,
          uniq_natasha, uniq_grinder, uniq_robin
D:4:      layout_rooms, kennysheep_little_box, nicolae_ru_path_of_blood
D:5:      layout_basic, first_ration
D:6:      layout_layer_cave, nicolae_tso_besieged_by_evil, zin_treasury,
          minmay_temple_entry_mini_moons, gammafunk_ghost_cemetery, st_stairs_4
D:7:      layout_basic, lightli_ossuary_entry_decrepit_ruins
D:8:      layout_basic, david_lair_shrubbed, uniq_erica
D:9:      layout_loops_ring, minmay_orc_entry_temple_small
D:10:     layout_cave_pools
Temple:   nicolae_temple_figure_eight
Lair:1:   layout_cave_pods, nicolae_quartered_pool_super
Lair:2:   layout_cave_pods, lemuel_fruit_fields, uniq_urug
Lair:3:   layout_regular_city, palyth_hydra_swamp_entry,
          guppyfry_snake_entry_island, uniq_sonja
Lair:4:   layout_hall_layers, patterned_corridor
Lair:5:   layout_layer_cave, minmay_slime_entry_pillars, lemuel_fruit_tree,
          uniq_snorg
Swamp:1:  layout_falls_marsh, evilmike_swamp_ruin_house_3, swamp_pool2
Orc:1:    layout_caves, serial_shops, shop, bloody_makhleb
Orc:2:    kennysheep_orc_mage_school, layout_diamond_mine, portal_ice_cave_rime,
          guppyfry_library_mini, uniq_donald

Skill      XL: |  1  2  3  4  5  6  7  8  9 10 11 12 13 |
---------------+----------------------------------------+-----
Spellcasting   | 3 4 6 7 8 9 10 11 | 11.2
Conjurations   | 2 3 4 5 7 8 9 10 | 10.6
Fire Magic     | 4 5 6 7 8 9 10 11 | 11.1
Fighting       | 2 3 4 5 |  5.6
Dodging        | 3 4 5 6 |  6.1
Invocations    | 2 4 5 |  5.3
Evocations     | 2 4 |  4.9
Poison Magic   | 2 3 |  3.2
Ice Magic      | 2 3 |  3.3
Air Magic      | 2 3 |  3.1
Shields        | 1 3 |  3.4
Stealth        | |  2.6

Action                   |  1- 3 |  4- 6 |  7- 9 | 10-12 | 13-15 || total
-------------------------+-------+-------+-------+-------+-------++-------
Melee: Unarmed           |     4 |       |       |       |       ||     4
       Constrict         |     8 |     9 |    18 |    10 |    13 ||    58
       Whip              |    12 |    28 |    35 |       |       ||    75
       Tentacles         |     2 |     5 |    11 |    14 |     7 ||    39
       Mace              |       |       |    41 |    74 |    59 ||   174
Throw: Dart              |       |       |     3 |     1 |     4 ||     8
 Cast: Foxfire           |    55 |    91 |   214 |   232 |    68 ||   660
       Sticky Flame      |       |       |    17 |    57 |    53 ||   127
       Fireball          |       |       |     8 |    52 |    29 ||    89
       Conjure Flame     |       |       |     1 |       |     1 ||     2
       Mephitic Cloud    |       |       |       |     6 |    15 ||    21
       Freezing Cloud    |       |       |       |     1 |     5 ||     6
       Poisonous Vapours |       |       |       |     1 |     2 ||     3
       Bolt of Magma     |       |       |       |       |     2 ||     2
Invok: Channel Magic     |       |       |       |     1 |       ||     1
Evoke: Wand              |       |       |     2 |     4 |     1 ||     7
       Lamp of fire      |       |       |       |     1 |       ||     1
  Use: Scroll            |       |       |    15 |     4 |     5 ||    24
       Potion            |       |       |       |       |     1 ||     1
 Stab: Sleeping          |     1 |     1 |       |     1 |       ||     3
       Confused          |       |       |       |     1 |     2 ||     3
  Eat: Chunk             |     1 |     5 |    12 |    50 |    26 ||    94
       Ration            |       |       |     2 |     1 |       ||     3
Armor: Skin              |     1 |     5 |     7 |     6 |     4 ||    23
Dodge: Dodged            |     7 |    41 |    76 |   103 |   152 ||   379
Block: Buckler           |       |       |       |       |    11 ||    11

Table legend:
 A = Non-vault XP
 B = Vault XP
 C = Vault XP percentage of total XP
 D = Non-vault monster count
 E = Vault monster count
 F = Vault count percentage of total count
                 A         B        C        D         E       F
            +---------+---------+-------+---------+---------+-------
      Total |   34157 |   11936 |  25.9 |     319 |     154 |  32.6
            +---------+---------+-------+---------+---------+-------
        D:1 |      43 |       0 |   0.0 |      24 |       0 |   0.0
        D:2 |      90 |      45 |  33.3 |      30 |      10 |  25.0
        D:3 |     170 |     364 |  68.2 |      26 |      16 |  38.1
        D:4 |     518 |       0 |   0.0 |      16 |       0 |   0.0
        D:5 |     546 |       0 |   0.0 |      13 |       0 |   0.0
        D:6 |     294 |     111 |  27.4 |       6 |      12 |  66.7
        D:7 |     409 |       0 |   0.0 |       3 |       0 |   0.0
        D:8 |    1141 |    1240 |  52.1 |      11 |       2 |  15.4
        D:9 |    3329 |      91 |   2.7 |      36 |       5 |  12.2
       D:10 |    2373 |       0 |   0.0 |      16 |       0 |   0.0
     Lair:1 |    4991 |       0 |   0.0 |      23 |       0 |   0.0
     Lair:2 |    4768 |     819 |  14.7 |      19 |       1 |   5.0
     Lair:3 |    2229 |    3581 |  61.6 |       5 |       7 |  58.3
     Lair:4 |    2319 |       0 |   0.0 |      14 |       0 |   0.0
     Lair:5 |    4909 |    1223 |  19.9 |      17 |       4 |  19.0
      Orc:1 |    2760 |    1201 |  30.3 |      34 |       4 |  10.5
      Orc:2 |    3268 |    2267 |  41.0 |      26 |      15 |  36.6
      Sewer |       0 |     785 | 100.0 |       0 |      28 | 100.0
    Ossuary |       0 |     209 | 100.0 |       0 |      50 | 100.0
            +---------+---------+-------+---------+---------+-------
